 Dungeon Crawl Stone Soup version 0.27-a0-1139-g28e009f8a6 (webtiles) character file.

Game seed: 3386897645905370694

1553 jestyr24 the Magician (level 8, -1/63 HPs)
             Began as a Merfolk Summoner on May 7, 2021.
             Slain by a wyvern (12 damage)
             ... on level 7 of the Dungeon.
             The game lasted 01:49:18 (10104 turns).

jestyr24 the Magician (Merfolk Summoner)           Turns: 10104, Time: 01:49:19

Health: -1/63      AC:  4    Str:  8    XL:     8   Next: 88%
Magic:  15/17      EV: 12    Int: 16    God:
Gold:   330        SH:  6    Dex: 15    Spells: 10/20 levels left

rFire    . . .     SeeInvis .   N - +2 short sword (protect)
rCold    . . .     Faith    .   H - +2 buckler
rNeg     . . .     Spirit   .   a - +0 robe
rPois    .         Reflect  .   (no helmet)
rElec    .         Harm     .   P - +1 cloak
rCorr    .         Rampage  .   (no gloves)
Will     +....                  (no boots)
Stlth    ++........             C - amulet of magic regeneration
HPRegen  0.20/turn              s - ring of willpower
MPRegen  0.40/turn              (no ring)

@: no status effects
A: (nimble swimmer 2), mertail, robust 1, wild magic 1
a: no special abilities


You were on level 7 of the Dungeon.
You visited 1 branch of the dungeon, and saw 7 of its levels.

You collected 330 gold pieces.

Inventory:

Hand Weapons
 i - a +5 great sword of freezing
 l - a +2 long sword
 u - a +2 short sword of holy wrath
 D - a +1 trident
 J - a +2 dagger of venom
 N - a +2 short sword of protection (weapon)
Missiles
 f - 68 arrows
 g - 131 stones
 v - 10 boomerangs
 w - 5 javelins
Armour
 a - a +0 robe (worn)
 q - a +0 tower shield
 G - a +0 leather armour of willpower
 H - a +2 buckler (worn)
 P - a +1 cloak (worn)
Magical Staves
 L - a staff of fire
Jewellery
 d - an amulet of regeneration
 s - a ring of willpower (left hand)
 C - an amulet of magic regeneration (around neck)
Wands
 A - a wand of paralysis (12)
Scrolls
 c - a scroll of immolation
 o - a scroll of amnesia
 x - a scroll of enchant armour {unknown}
 B - a scroll of silence {unknown}
 E - a scroll of holy word {unknown}
 F - a scroll of fear {unknown}
 K - a scroll of magic mapping
 M - a scroll of teleportation {unknown}
Potions
 b - a potion of ambrosia {unknown}
 e - a potion of might {unknown}
 h - a potion of cancellation {unknown}
 j - a potion of degeneration {unknown}
 m - a potion of heal wounds
 n - a potion of flight {unknown}
 p - 2 potions of haste {unknown}
 t - a potion of mutation
 z - 2 potions of brilliance {unknown}
 I - 2 potions of lignification {unknown}


   Skills:
 - Level 3.2 Fighting
 - Level 0.3 Short Blades
 - Level 2.6 Polearms
 - Level 3.2 Dodging
 - Level 3.5 Stealth
 - Level 1.0 Shields
 - Level 6.5 Spellcasting
 + Level 4.4 Hexes
 - Level 5.8 Summonings
 - Level 2.0 Ice Magic


You had 10 spell levels left.
You knew the following spells:

 Your Spells              Type           Power      Damage    Failure   Level
a - Summon Guardian Gole  Hex/Summ       28%        N/A       11%         3
b - Call Imp              Summ           31%        N/A       4%          2
c - Ensorcelled Hibernat  Hex/Ice        40%        N/A       12%         2
d - Call Canine Familiar  Summ           31%        N/A       9%          3

Your spell library contained the following spells:

 Spells                   Type           Power      Damage    Failure   Level
 Summon Small Mammal      Summ           100%       N/A       3%          1
 Corona                   Hex            27%        N/A       5%          1
 Freeze                   Ice            60%        1d8       13%         1
 Confusing Touch          Hex            25%        N/A       13%         3
 Tukima's Dance           Hex            25%        N/A       13%         3
 Animate Skeleton         Necr           12%        N/A       26%         1
 Apportation              Tloc           12%        N/A       26%         1
 Dazzling Flash           Conj/Hex       32%        N/A       30%         3
 Frozen Ramparts          Ice            30%        1d5       32%         3
 Ozocubu's Armour         Ice            15%        N/A       32%         3
 Summon Ice Beast         Ice/Summ       23%        N/A       45%         4
 Summon Lightning Spire   Summ/Air       18%        N/A       58%         4
 Hailstorm                Conj/Ice       11%        3d5       83%         4
 Metabolic Englaciation   Hex/Ice        10%        N/A       86%         5


Dungeon Overview and Level Annotations

Branches:
Dungeon (7/15)
 Temple: D:4-7

Altars:
Dithmenos
Yredelemnul
The Shining One

Shops:
D:2 !


Innate Abilities, Weirdness & Mutations

((You are quick and stealthy near water. (Stealth+, EV+, Speed+++)))
Your lower body shifts to a powerful aquatic tail in water.
You are robust. (+10% HP)
Your spells are a little harder to cast, but a little more powerful.


Message History

The wyvern bites your crimson imp but does no damage.
Your crimson imp barely misses the wyvern. x2
The wyvern bites your crimson imp!
Your crimson imp hits the wyvern.
The wyvern barely misses your crimson imp.
Your crimson imp hits the wyvern but does no damage.
The wyvern misses your crimson imp.
Your crimson imp hits the wyvern. x2
The wyvern misses your crimson imp.
Your crimson imp barely misses the wyvern.
The wyvern closely misses your crimson imp.
Your crimson imp hits the wyvern but does no damage.
You hit the wyvern but do no damage.
Your weapon exudes an aura of protection.
The wyvern is severely wounded.
The wyvern misses you.
Your crimson imp blinks!
Your crimson imp barely misses the wyvern.
You hit the wyvern but do no damage.
The wyvern is severely wounded.
You block the wyvern's attack. The wyvern bites you.
Your crimson imp closely misses the wyvern.
You barely miss the wyvern.
The wyvern is severely wounded.
You block the wyvern's attack.
Your crimson imp closely misses the wyvern.
The wyvern bites you!
* * * LOW HITPOINT WARNING * * *
The wyvern completely misses your crimson imp.
Your crimson imp blinks!
Casting: Call Imp (safe; 4% risk of failure)
Confirm with . or Enter, or press ? or * to list all spells.
You don't know that spell.
Casting: Call Imp (safe; 4% risk of failure)
Confirm with . or Enter, or press ? or * to list all spells.
Your crimson imp blinks!
The wyvern bites you but does no damage.
You swap places.
Your hound barely misses the wyvern.
Your hound bites the wyvern but does no damage.
Your crimson imp closely misses the wyvern.
The wyvern bites you!
You die...

##...5........#
#..............
#######..#####
####........#
#.......5...##
##............#
#.............##
#...8..........#
#...hl@........#..
#...5.............
#.................
##..............##
##...........###
###........##
###..##### ####


You could see a wyvern (ally target), a friendly guardian golem (summoned), a
friendly hound (summoned, sheltered) and 2 friendly crimson imps.

Vanquished Creatures
  A necrophage (D:4)
  A scorpion (D:5)
  3 wights (D:4)
  A bullfrog skeleton (D:4)
  An iguana (D:6)
  An orc wizard (D:4)
  A gnoll (D:5)
  A dart slug (D:4)
  6 orcs
  2 giant cockroaches
  2 goblins (D:2)
  3 hobgoblins
  A quokka (D:4)
  4 bats
  A frilled lizard (D:3)
  2 kobolds
  2 rats
33 creatures vanquished.

Vanquished Creatures (collateral kills)
  Sigmund (D:6)
  Menkaure (D:6)
  A sky beast (D:6)
  2 ogres
  A phantom (D:4)
  A bullfrog (D:6)
  2 scorpions
  A water moccasin zombie (D:6)
  A wight (D:4)
  A howler monkey (D:7)
  Crazy Yiuf (D:6)
  A gnoll shaman (D:5)
  3 orc priests
  2 hounds
  2 iguanas
  6 orc wizards (D:5)
  2 hound skeletons (D:4)
  14 gnolls
  5 adders
  2 white imps
  3 worms
  2 dart slugs
  21 orcs
  8 endoplasms
  A giant cockroach (D:1)
  6 goblins
  7 hobgoblins
  4 quokkas
  6 ball pythons
  3 bats
  2 frilled lizards (D:1)
  6 kobolds
  A rat (D:3)
120 creatures vanquished.

Vanquished Creatures (others)
  Duvessa (D:6)
  An orc warrior (D:6)
  A centaur (D:6)
  A wyvern skeleton (D:7)
  Dowan (D:6)
  A howler monkey zombie (D:6)
  An orc (D:6)
  2 plants (D:7)
9 creatures vanquished.

Grand Total: 162 creatures vanquished

Notes
Turn   | Place    | Note
-------+----------+-------------------------------------------
     0 | D:1      | jestyr24 the Merfolk Summoner began the quest for the Orb.
     0 | D:1      | Reached XP level 1. HP: 13/13 MP: 3/3
   561 | D:1      | Reached XP level 2. HP: 9/19 MP: 1/5
   565 | D:1      | Learned a level 2 spell: Call Imp
   858 | D:1      | Found a faded altar of an unknown god.
  1558 | D:2      | Reached XP level 3. HP: 14/25 MP: 2/6
  1837 | D:2      | Found Elote's Distillery.
  2013 | D:2      | Reached skill level 1 in Fighting
  2955 | D:3      | Reached XP level 4. HP: 31/32 MP: 7/7
  3795 | D:4      | Noticed a necrophage
  3818 | D:4      | Killed a necrophage
  3819 | D:4      | Reached skill level 1 in Polearms
  3819 | D:4      | Reached XP level 5. HP: 34/38 MP: 6/9
  3863 | D:4      | Noticed a phantom
  4344 | D:4      | Reached skill level 3 in Spellcasting
  4364 | D:4      | Learned a level 2 spell: Ensorcelled Hibernation
  4536 | D:4      | Noticed an ogre
  4550 | D:4      | Killed an ogre
  4551 | D:4      | Reached skill level 5 in Summonings
  4551 | D:4      | Reached XP level 6. HP: 35/46 MP: 5/10
  4824 | D:4      | Reached skill level 1 in Ice Magic
  5214 | D:4      | HP: 2/44 [wight/+5 great sword of freezing (2)]
  5708 | D:4      | Reached XP level 7. HP: 34/52 MP: 9/12
  6031 | D:4      | Learned a level 3 spell: Call Canine Familiar
  6032 | D:5      | Entered Level 5 of the Dungeon
  6113 | D:5      | Reached skill level 4 in Spellcasting
  7082 | D:5      | Reached skill level 1 in Shields
  7152 | D:5      | Found a glowing golden altar of the Shining One.
  7219 | D:5      | Reached skill level 1 in Hexes
  7803 | D:6      | Reached XP level 8. HP: 49/58 MP: 7/15
  7803 | D:6      | Noticed Duvessa
  7908 | D:6      | Reached skill level 5 in Spellcasting
  7943 | D:6      | Noticed Sigmund
  8056 | D:6      | Noticed Menkaure
  8410 | D:6      | Killed Sigmund
  8418 | D:6      | Learned a level 3 spell: Summon Guardian Golem
  8758 | D:6      | Noticed Dowan
  8766 | D:6      | Killed Dowan
  8767 | D:6      | Reached skill level 6 in Spellcasting
  8773 | D:6      | Killed Duvessa
  9018 | D:6      | Found a basalt altar of Yredelemnul.
  9182 | D:6      | Found a shadowy altar of Dithmenos.
  9194 | D:6      | Killed Menkaure
  9723 | D:6      | Found a runed translucent door.
  9724 | D:6      | Noticed Crazy Yiuf
  9730 | D:6      | Killed Crazy Yiuf
  9751 | D:6      | Gained mutation: Your spells are a little harder to cast,
                  | but a little more powerful. [potion of mutation]
  9751 | D:6      | Gained mutation: You are robust. (+10% HP) [potion of
                  | mutation]
 10080 | D:7      | Noticed a wyvern
 10104 | D:7      | Slain by a wyvern

Illustrated notes

Levels and vault maps discovered:
D:1:      heliophobic_arrival_glass_houses, layout_basic,
          ebering_ecumenical_altar_petrified, minmay_tetromino_t4
D:2:      kennysheep_six_static_rooms, layout_loops_ring, serial_shops,
          nicolae_shop_statue_plus
D:3:      minmay_razor_zed, layout_rooms, roderic_roman_lattice,
          grunt_ministairs_14, minmay_misc_feat_pillars
D:4:      layout_basic
D:5:      layout_gridville, general_overflow_altar,
          minmay_a_box_with_orc_wizards_in_it
D:6:      layout_basic, overflow_temple_1_default,
          nicolae_overflow_hidden_temple, uniq_crazy_yiuf_cottage, uniq_sigmund,
          uniq_menkaure, uniq_duvessa
D:7:      cheibrodos_helix_gallery, layout_cave_pods,
          minmay_temple_entry_proselytizer, serial_bayou_pond_a

Skill      XL: |  1  2  3  4  5  6  7  8 |
---------------+-------------------------+-----
Fighting       | 1 2 3 |  3.2
Dodging        | 3 |  3.2
Stealth        | 3 |  3.5
Polearms       | 1 2 |  2.6
Spellcasting   | 3 4 6 |  6.5
Summonings     | 5 |  5.8
Ice Magic      | 1 2 |  2.0
Shields        | 1 |  1.0
Hexes          | 1 4 |  4.4
Short Blades   | |  0.3

Action                   |  1- 3 |  4- 6 |  7- 9 || total
-------------------------+-------+-------+-------++-------
Melee: Unarmed           |    11 |       |       ||    11
       Club              |     9 |       |       ||     9
       Short sword       |    35 |    25 |     9 ||    69
       Hand axe          |     2 |       |       ||     2
       Spear             |       |    70 |       ||    70
       Trident           |       |       |    55 ||    55
       Great sword       |       |       |     4 ||     4
 Cast: Summon Small Mamm |    23 |       |       ||    23
       Call Imp          |    24 |    47 |    57 ||   128
       Call Canine Famil |       |       |    34 ||    34
       Summon Guardian G |       |       |    11 ||    11
Evoke: Wand              |       |     1 |       ||     1
  Use: Scroll            |       |     3 |     6 ||     9
       Potion            |       |     1 |     4 ||     5
 Stab: Sleeping          |     1 |     1 |     1 ||     3
       Distracted        |       |     2 |     2 ||     4
       Paralysed         |       |     2 |       ||     2
Armor: Robe              |    18 |    15 |     6 ||    39
Dodge: Dodged            |    56 |    58 |    27 ||   141
Block: Buckler           |       |       |    20 ||    20
       Rpst.: Great sword |       |       |     1 ||     1

Table legend: (Time is in decaauts)
 A = Elapsed time spent in this place.
 B = Non-inter-level travel time spent in this place.
 C = Inter-level travel time spent in this place.
 D = Time resting spent in this place.
 E = Time spent auto-exploring this place.
 F = Levels seen in this place.
 G = Mean time per level.
                   A        B        C        D        E       F      G
               +--------+--------+--------+--------+--------+-----+--------+
         Total |  10112 |   9826 |    286 |   3319 |   3643 |   7 | 1444.6 |
       Dungeon |  10112 |   9826 |    286 |   3319 |   3643 |   7 | 1444.6 |
               +--------+--------+--------+--------+--------+-----+--------+

Top non-repeatable levels by time:
     D:4: 2642 daAuts
     D:5: 1851 daAuts
     D:6: 1808 daAuts
     D:2: 1310 daAuts
     D:3: 1249 daAuts
     D:1: 1164 daAuts
     D:7: 86 daAuts
